 Dungeon Sprint DCSS version 0.30-a0-528-g8c47a4955b (webtiles) character file.

Game seed: 4267642329793184232

2993 rocky1 the Black Belt (level 9, -11/78 HPs)
             Began as a Demonspawn Gladiator on Dec 24, 2022.
             Was the Champion of Cheibriados.
             Mangled by a ghost moth (12 damage)
             ... in the Dungeon (Sprint VII: "The Pits").
             The game lasted 00:04:30 (1511 turns).

rocky1 the Black Belt (Demonspawn Gladiator)        Turns: 1511, Time: 00:04:30

Health: -11/78     AC:  9    Str: 31      XL:     9   Next: 54%
Magic:  0/16       EV: 13    Int: 22 (25) God:    Cheibriados [******]
Gold:   0          SH:  0    Dex: 30 (32) Spells: 8/8 levels left

rFire   . . .      SeeInvis .      - Unarmed
rCold   . . .      Faith    .    (no shield)
rNeg    . . .      Spirit   .    a - +3 ring mail
rPois   .          Reflect  .    (helmet restricted)
rElec   .          Harm     .    (no cloak)
rCorr   .          Rampage  .    r - +0 pair of gloves
Will    .....      NoTele   +    (no boots)
Stlth   ++                       (no amulet)
HPRegen 0.33/turn                (no ring)
MPRegen 0.15/turn                (no ring)

@: very slow
A: antennae 1, hooves 2, foul stench 2, spiny 2
a: Renounce Religion, Bend Time, Temporal Distortion, Slouch, Step From Time


You were in the Dungeon.
You worshipped Cheibriados.
Cheibriados was exalted by your worship.
You visited 1 branch

Inventory:

Missiles
 b - a curare-tipped dart
 d - 3 throwing nets (quivered)
 e - a javelin
Armour
 a - a +3 ring mail (worn)
 c - a +0 helmet
 r - a +0 pair of gloves (worn)
Jewellery
 h - a +3 ring of intelligence
 p - a +3 ring of evasion
Scrolls
 m - 5 scrolls of amnesia
 n - a scroll of butterflies
Potions
 f - 9 potions of curing
 g - 11 potions of heal wounds
 i - 3 potions of magic
 j - a potion of berserk rage
 l - 2 potions of invisibility
 o - a potion of might
 q - 2 potions of mutation


   Skills:
 + Level 9.7 Fighting
 - Level 4.5 Long Blades
 - Level 1.7 Throwing
 - Level 2.6 Dodging
 * Level 16.4 Unarmed Combat
 + Level 10.3 Invocations


You had 8 spell levels left.
You didn't know any spells.
Your spell library was empty.

Dungeon Overview and Level Annotations

Branches:
Dungeon (1/1)

Altars:
Ashenzari
Cheibriados
Dithmenos
Fedhas
Gozag
Hepliaklqana
Kikubaaqudgha
Makhleb
Nemelex Xobeh
Okawaru
Qazlal
Ru
Sif Muna
Trog
Uskayaw
Vehumet
Wu Jian
Xom
Yredelemnul
Jiyva
Lugonu


Innate Abilities, Weirdness & Mutations

You have a pair of small antennae on your head.
You have hoof-like feet.
You sometimes emit foul miasma when damaged in melee.
You are mostly covered in sharp spines.


Message History

You feel you are being watched by something.
You feel your power leaking away. Something barely misses you.
Something hits you!
You feel dopey.
Something stings you but does no damage.
You hit something but do no damage. Your kick misses something.
Your punch misses something. Something completely misses you.
Something hits you but does no damage. Something stings you!
You feel clumsy.
Activating: Slouch (1% risk of failure)
Press: ? - help, Dir - look around, f - activate You can feel time thicken for a moment.
Something hits you! Something hits you.
Something stings you but does no damage.
Unknown command.
You don't have enough magic at the moment.
Unknown command.
You pummel something!! You punch something. Something hits you!
Something hits you but does no damage.
Something stings you but does no damage.
You feel much better.
You feel you are being watched by something.
Something hits you. Something hits you!
You feel clumsy. Something stings you.
You feel dopey. Magic courses through your body.
You feel you are being watched by something.
You feel your power leaking away. Something hits you!!
* * * LOW HITPOINT WARNING * * *
You feel dopey. Something barely misses you. Something stings you!
* * * LOW HITPOINT WARNING * * *
You emit a cloud of foul miasma!
You feel you are being watched by something.
You feel your power leaking away. Something hits you.
* * * LOW HITPOINT WARNING * * *
Something hits you!
You die...

#####......#..#......#
.).##......†.........#
##)#####'#####''######
...##.......##''### ###
...##.......##....##..+
'####.......##...##...#
.÷.##...<...##..##...#
...##.......##..#...#
...##.......##..@{.#
#####.......##.##..#
#..############ ..+
#.########### ..#
#÷#....#...[# ..#
#'#....#..[[# #..
#.[....'..))# #..
#'#....#..))# ..
')#....#..))#


There were no monsters in sight!

Vanquished Creatures
  Josephine (D)
  A boulder beetle (D)
  A black mamba (D)
  A shadow (D)
  4 wraiths (D)
  A spriggan (D)
  A water moccasin (D)
  A sky beast (D)
  A black bear (D)
  A kobold brigand (D)
  A scorpion (D)
  A crimson imp (D)
  A quasit (D)
  A hound (D)
  An iron imp (D)
  An adder (D)
  A river rat (D)
  3 ufetubi (D)
  An orc (D)
  A ball python (D)
  3 goblins (D)
  A hobgoblin (D)
  A quokka (D)
  A bat (D)
31 creatures vanquished.

Notes
Turn   | Place    | Note
-------+----------+-------------------------------------------
     0 | D        | rocky1 the Demonspawn Gladiator began the quest for the
                  | Orb.
     0 | D        | Reached XP level 1. HP: 16/16 MP: 1/1
    67 | D        | Found a bloodstained altar of Trog.
    67 | D        | Found a shimmering blue altar of Sif Muna.
    67 | D        | Found a viscous altar of Jiyva.
    67 | D        | Found a hazy altar of Hepliaklqana.
    67 | D        | Found an opulent altar of Gozag.
    68 | D        | Found a basalt altar of Yredelemnul.
    68 | D        | Found a shimmering altar of Xom.
    68 | D        | Found an ornate altar of the Wu Jian Council.
    68 | D        | Found a sacrificial altar of Ru.
    68 | D        | Found a stormy altar of Qazlal.
    68 | D        | Found an iron altar of Okawaru.
    68 | D        | Found a sparkling altar of Nemelex Xobeh.
    68 | D        | Found a burning altar of Makhleb.
    68 | D        | Found a blossoming altar of Fedhas.
    68 | D        | Found a shadowy altar of Dithmenos.
    68 | D        | Found a snail-covered altar of Cheibriados.
    71 | D        | Found a corrupted altar of Lugonu.
    71 | D        | Found a radiant altar of Vehumet.
    72 | D        | Found an ancient bone altar of Kikubaaqudgha.
    72 | D        | Found a hide-covered altar of Uskayaw.
    72 | D        | Found a broken altar of Ashenzari.
    79 | D        | Became a worshipper of Cheibriados the Contemplative
   127 | D        | Discovered your monstrous ancestry.
   127 | D        | Gained mutation: You have large cloven feet. [demonic
                  | ancestry]
   127 | D        | Reached XP level 2. HP: 18/22 MP: 2/2
   253 | D        | Reached * piety under Cheibriados
   258 | D        | Reached ** piety under Cheibriados
   259 | D        | Reached skill level 2 in Unarmed Combat
   291 | D        | Reached skill level 3 in Unarmed Combat
   355 | D        | Reached *** piety under Cheibriados
   356 | D        | Reached skill level 4 in Unarmed Combat
   356 | D        | Gained mutation: You are partially covered in sharp spines.
                  | [demonic ancestry]
   356 | D        | Reached XP level 3. HP: 10/27 MP: 3/3
   583 | D        | Noticed a water moccasin
   583 | D        | Noticed a sky beast
   588 | D        | Reached **** piety under Cheibriados
   589 | D        | Reached skill level 5 in Unarmed Combat
   589 | D        | Gained mutation: You are mostly covered in sharp spines.
                  | [demonic ancestry]
   589 | D        | Reached XP level 4. HP: 32/33 MP: 4/4
   592 | D        | Killed a water moccasin
   593 | D        | Reached skill level 9 in Unarmed Combat
   593 | D        | Gained mutation: You may rarely emit foul miasma when
                  | damaged in melee. [demonic ancestry]
   593 | D        | Reached XP level 5. HP: 37/38 MP: 5/5
   595 | D        | Reached ***** piety under Cheibriados
   600 | D        | Killed a sky beast
   601 | D        | Reached skill level 11 in Unarmed Combat
   601 | D        | Gained mutation: You have hoof-like feet. [demonic
                  | ancestry]
   601 | D        | Reached XP level 6. HP: 18/44 MP: 6/6
   697 | D        | Noticed a shadow
   699 | D        | Killed a shadow
   700 | D        | Reached skill level 12 in Unarmed Combat
   824 | D        | Gained mutation: You sometimes emit foul miasma when
                  | damaged in melee. [demonic ancestry]
   824 | D        | Reached XP level 7. HP: 55/55 MP: 7/7
   824 | D        | Reached ****** piety under Cheibriados
   828 | D        | Reached skill level 5 in Fighting
   828 | D        | Reached skill level 13 in Unarmed Combat
   955 | D        | Noticed a spriggan
   955 | D        | Noticed a boulder beetle
   958 | D        | Killed a spriggan
  1073 | D        | Killed a boulder beetle
  1074 | D        | Reached skill level 14 in Unarmed Combat
  1074 | D        | Reached XP level 8. HP: 47/67 MP: 9/13
  1360 | D        | Noticed a black mamba
  1361 | D        | Noticed Josephine
  1368 | D        | Killed a black mamba
  1369 | D        | Reached skill level 15 in Unarmed Combat
  1372 | D        | Gained mutation: You have a pair of small antennae on your
                  | head. [demonic ancestry]
  1372 | D        | Reached XP level 9. HP: 58/75 MP: 3/15
  1374 | D        | Killed Josephine
  1375 | D        | Reached skill level 16 in Unarmed Combat
  1375 | D        | Reached skill level 10 in Invocations
  1511 | D        | HP: 1/78 [something (4)]
  1511 | D        | Mangled by a ghost moth

Illustrated notes

Levels and vault maps discovered:
D:        pitsprint [storerooms_1, entrance_room_1, metal_vault_7, armoury_1,
          mini_pit_1, grid_room_1, main_hall_1, silver_pit, the_coven_3,
          the_vestibule_1, steel_vault_3, golden_pit, hallway_of_sentries,
          crystal_vault_6, iron_vault_3, final_vault]

Skill      XL: |  1  2  3  4  5  6  7  8  9 |
---------------+----------------------------+-----
Long Blades    | 4 |  4.5
Unarmed Combat | 4 5 9 11 12 14 15 16 | 16.4
Fighting       | 4 7 8 9 |  9.7
Invocations    | 6 8 10 | 10.3
Throwing       | |  1.7
Dodging        | |  2.6

Action                   |  1- 3 |  4- 6 |  7- 9 || total
-------------------------+-------+-------+-------++-------
Melee: Falchion          |     6 |       |       ||     6
       Long sword        |     6 |       |       ||     6
       Unarmed           |    26 |    18 |    29 ||    73
       Kick              |     5 |     4 |     8 ||    17
       Punch             |       |       |     4 ||     4
Invok: Slouch            |       |       |     3 ||     3
  Use: Potion            |     2 |       |     3 ||     5
       Scroll            |       |       |     1 ||     1
 Stab: Sleeping          |       |     1 |       ||     1
Armor: Leather armour    |    15 |       |       ||    15
       Ring mail         |     2 |     4 |    11 ||    17
Dodge: Dodged            |    35 |     9 |    18 ||    62

Table legend: (Time is in decaauts)
 A = Elapsed time spent in this place.
 B = Non-inter-level travel time spent in this place.
 C = Inter-level travel time spent in this place.
 D = Time resting spent in this place.
 E = Time spent auto-exploring this place.
 F = Levels seen in this place.
 G = Mean time per level.
                   A        B        C        D        E       F      G
               +--------+--------+--------+--------+--------+-----+--------+
         Total |   1739 |   1616 |    123 |   1094 |      0 |   1 | 1739.0 |
       Dungeon |   1739 |   1616 |    123 |   1094 |      0 |   1 | 1739.0 |
               +--------+--------+--------+--------+--------+-----+--------+

Top non-repeatable levels by time:
       D: 1739 daAuts
